 Dungeon Crawl Stone Soup version 0.24.1-8-ga250c9d538 (webtiles) character file.

Game seed: 11672313143987119842, levelgen mode: deterministic

158 nightchill the Chopper (level 5, -4/40 HPs)
             Began as a Demonspawn Gladiator on May 3, 2020.
             Slain by Jaiteiro's ghost (6 damage)
             ... on level 3 of the Dungeon.
             The game lasted 00:05:04 (3124 turns).

nightchill the Chopper (Demonspawn Gladiator)       Turns: 3124, Time: 00:05:05

Health: -4/40      AC: 11    Str: 16    XL:     5   Next: 16%
Magic:  0/5        EV: 12    Int:  9    God:
Gold:   113        SH:  0    Dex: 14    Spells: 4/4 levels left

rFire    . . .     SeeInvis .   a - +0 war axe
rCold    . . .     Gourm    .   (no shield)
rNeg     . . .     Faith    .   b - +0 leather armour
rPois    .         Spirit   +   c - +0 helmet
rElec    .         Reflect  .   t - +0 cloak
rCorr    .         Harm     .   (no gloves)
MR       .....                  (no boots)
Stlth    +.........             (no amulet)
HPRegen  0.13/turn              (no ring)
MPRegen  0.18/turn              (no ring)

@: sanguine armour
A: talons 1, magic shield, magic regeneration, sanguine armour 1
a: no special abilities


You were on level 3 of the Dungeon.
You were not hungry.

You visited 1 branch of the dungeon, and saw 3 of its levels.

You collected 113 gold pieces.

Inventory:

Hand Weapons
 a - a +0 war axe (weapon)
Missiles
 d - 3 throwing nets (quivered)
Armour
 b - a +0 leather armour (worn)
 c - a +0 helmet (worn)
 t - a +0 cloak (worn)
Jewellery
 p - an uncursed ring of flight {unknown}
Scrolls
 g - 2 scrolls of amnesia {unknown}
 i - 2 scrolls of teleportation {unknown}
 j - 5 scrolls of identify {unknown}
 k - a scroll of enchant armour {unknown}
 l - a scroll of fear {unknown}
 o - 2 scrolls of remove curse {unknown}
 r - a scroll of magic mapping {unknown}
 s - a scroll of immolation {unknown}
Potions
 e - a potion of ambrosia {unknown}
 m - a potion of heal wounds {unknown}
 n - a potion of brilliance {unknown}
 q - a potion of haste {unknown}
 u - a potion of agility {unknown}
 v - a potion of flight {unknown}
 w - a potion of cancellation {unknown}
 x - a potion of invisibility {unknown}
Comestibles
 f - 5 rations
 h - 2 chunks of flesh


   Skills:
 + Level 2.8 Fighting
 * Level 4.7 Axes
 - Level 1.7 Throwing
 - Level 1.0 Armour
 - Level 2.6 Dodging
 - Level 0.5 Stealth


You had 4 spell levels left.
You didn't know any spells.
Your spell library was empty.

Dungeon Overview and Level Annotations

Branches:
Dungeon (3/15)

Altars:
Fedhas
Trog

Annotations:
D:3 Jaiteiro's ghost, amateur GnFi


Innate Abilities, Weirdness & Mutations

You have sharp toenails.
When hurt, damage is shared between your health and your magic reserves.
You regenerate magic rapidly.
When seriously injured, your bleeding wounds create armour. (AC +6)


Message History

You slash Jaiteiro's ghost!
You claw Jaiteiro's ghost, but do no damage.
Jaiteiro's ghost is almost destroyed.
Jaiteiro's ghost hits you.
* * * LOW HITPOINT WARNING * * *
You hit Jaiteiro's ghost.
You claw Jaiteiro's ghost, but do no damage.
Jaiteiro's ghost is almost destroyed.
Jaiteiro's ghost barely misses you.
You hit Jaiteiro's ghost but do no damage.
Your kick misses Jaiteiro's ghost.
Jaiteiro's ghost is almost destroyed.
Jaiteiro's ghost hits you.
* * * LOW HITPOINT WARNING * * *
Jaiteiro's ghost hits you.
* * * LOW HITPOINT WARNING * * *
You hit Jaiteiro's ghost. Your kick misses Jaiteiro's ghost.
Jaiteiro's ghost is almost destroyed.
Jaiteiro's ghost hits you.
You die...

##....................#.# #.#...
##................)##.##.. ..#...
#............(........## ## #..(
........................# #.).
##......................# #.##
###.....................# #...
..##....................# # #
#.###............######## # #.#
##.........#@# # #.#
##.......##W###### ######## #.#
##......##KK....# ........
#.#######...######K...####.######
........##.###P⌠≈##...##.........
#.÷.....#####...K.#...##.#.######
#.......# #..###K'...##.#.......
#.......# #$.....K....#.########
#.......# #$.###K'....#.........


You could see Jaiteiro's ghost and 3 kobolds.

Vanquished Creatures
  Terence (D:2)
  5 adders
  2 oozes
  3 worms
  2 dart slugs
  A ball python (D:3)
  5 bats
  A giant cockroach (D:2)
  8 goblins
  5 hobgoblins
  11 jackals
  11 kobolds
  A quokka (D:3)
  3 frilled lizards
  7 rats
66 creatures vanquished.

Vanquished Creatures (others)
  A fungus (D:3)
  A plant (D:3)
2 creatures vanquished.

Grand Total: 68 creatures vanquished

Notes
Turn   | Place    | Note
-------+----------+-------------------------------------------
     0 | D:1      | nightchill the Demonspawn Gladiator began the quest for the
                  | Orb.
     0 | D:1      | Reached XP level 1. HP: 16/16 MP: 1/1
   321 | D:1      | Reached skill level 3 in Axes
   327 | D:1      | Gained mutation: When hurt, damage is shared between your
                  | health and your magic reserves. [demonic ancestry]
   327 | D:1      | Reached XP level 2. HP: 12/22 MP: 2/2
  1030 | D:1      | Gained mutation: You regenerate magic rapidly. [demonic
                  | ancestry]
  1030 | D:1      | Reached XP level 3. HP: 23/27 MP: 3/3
  1206 | D:2      | Noticed Terence
  1220 | D:2      | Killed Terence
  1220 | D:2      | Reached skill level 4 in Axes
  1522 | D:2      | Reached skill level 1 in Armour
  1536 | D:2      | Gained mutation: When seriously injured, your bleeding
                  | wounds create armour. (AC +6) [demonic ancestry]
  1536 | D:2      | Reached XP level 4. HP: 27/33 MP: 4/4
  2611 | D:3      | Noticed a moth of wrath
  2613 | D:3      | Found a bloodstained altar of Trog.
  2776 | D:3      | Gained mutation: You have sharp toenails. [demonic
                  | ancestry]
  2776 | D:3      | Reached XP level 5. HP: 37/39 MP: 3/5
  3065 | D:3      | Found a runed translucent gate.
  3065 | D:3      | Found a runed translucent gate.
  3065 | D:3      | Found a runed translucent gate.
  3067 | D:3      | Noticed Jaiteiro's ghost (amateur GnFi)
  3079 | D:3      | Found a blossoming altar of Fedhas.
  3123 | D:3      | HP: 1/40 [Jaiteiro's ghost (2)]
  3124 | D:3      | Slain by Jaiteiro's ghost

Levels and vault maps discovered:
D:1:      dpeg_arrival_central, layout_basic, skrybe_limestone_x
D:2:      layout_rooms, uniq_terence
D:3:      layout_basic, overflow_temple_1_default, tgw_trog,
          gammafunk_ghost_nasty_kobolds

Skill      XL: |  1  2  3 |
---------------+----------+-----
Axes           | 3 4 |  4.7
Armour         | 1 |  1.0
Fighting       | |  2.8
Throwing       | |  1.7
Dodging        | |  2.6
Stealth        | |  0.5

Action                   |  1- 3 |  4- 6 || total
-------------------------+-------+-------++-------
Melee: War axe           |    89 |   114 ||   203
       Kick              |       |     7 ||     7
 Stab: Sleeping          |     1 |     1 ||     2
       Distracted        |       |     1 ||     1
  Eat: Chunk             |     2 |     5 ||     7
Armor: Leather armour    |    29 |    33 ||    62
Dodge: Dodged            |    82 |    82 ||   164
